 Dungeon Crawl Stone Soup version 0.29-a0-717-g6dac4ea423 (webtiles) character file.

Game seed: 3900148112429331785

6381 polve the Cleaver (level 10, -2/80 HPs)
             Began as a Demonspawn Abyssal Knight on June 26, 2022.
             Was a High Priest of Lugonu.
             Slain by a troll (9 damage)
             ... on level 10 of the Dungeon.
             The game lasted 00:07:23 (11946 turns).

polve the Cleaver (Demonspawn Abyssal Knight)      Turns: 11946, Time: 00:07:24

Health: -2/80      AC: 13    Str: 18    XL:     10   Next: 65%
Magic:  0/16       EV:  8    Int: 11    God:    Lugonu [*****.]
Gold:   449        SH:  4    Dex: 14    Spells: 9/9 levels left

rFire   . . .      SeeInvis .   a - +1 war axe (vamp)
rCold   . . .      Faith    .   (no shield)
rNeg    . . .      Spirit   +   b - +0 chain mail
rPois   .          Reflect  .   r - +0 helmet
rElec   .          Harm     .   (no cloak)
rCorr   .          Rampage  .   (no gloves)
Will    .....                   (no boots)
Stlth   ..........              o - amulet of guardian spirit
HPRegen 0.23/turn               (no ring)
MPRegen 0.15/turn               (no ring)

@: no status effects
A: hooves 1, molten scales 2, spiny 1, condensation shield
a: Renounce Religion, Depart the Abyss, Bend Space, Banish, Corrupt, Enter the
Abyss


You were on level 10 of the Dungeon.
You worshipped Lugonu.
Lugonu was extremely pleased with you.
You visited 1 branch of the dungeon, and saw 9 of its levels.
You visited the Abyss 1 time.

You collected 449 gold pieces.

Inventory:

Hand Weapons
 a - a +1 vampiric war axe (weapon)
Armour
 b - a +0 chain mail (worn)
 r - a +0 helmet (worn)
Jewellery
 f - an amulet of the acrobat
 o - an amulet of guardian spirit (around neck)
Scrolls
 c - 2 scrolls of immolation {unknown}
 d - a scroll of summoning {unknown}
 e - 4 scrolls of teleportation {unknown}
 j - a scroll of poison {unknown}
 k - 2 scrolls of amnesia {unknown}
 m - 7 scrolls of identify {unknown}
 q - 4 scrolls of brand weapon {unknown}
 s - 2 scrolls of enchant armour {unknown}
 t - a scroll of vulnerability {unknown}
 w - a scroll of fog {unknown}
 x - a scroll of enchant weapon {unknown}
 y - 3 scrolls of acquirement {unknown}
 A - a scroll of noise {unknown}
 D - a scroll of magic mapping {unknown}
Potions
 g - 2 potions of curing
 h - a potion of might {unknown}
 i - 2 potions of flight {unknown}
 l - a potion of resistance
 n - 2 potions of brilliance {unknown}
 p - 2 potions of haste
 u - a potion of lignification {unknown}
 v - a potion of attraction {unknown}
 z - a potion of berserk rage {unknown}
 B - a potion of invisibility {unknown}
 C - a potion of magic
 E - a potion of heal wounds


   Skills:
 - Level 8.0 Fighting
 + Level 10.7 Axes
 - Level 4.0 Armour
 - Level 4.0 Dodging
 - Level 9.0 Invocations


You had 9 spell levels left.
You didn't know any spells.
Your spell library contained the following spells:

 Spells                   Type           Power      Damage    Failure   Level
 Beastly Appendage        Tmut           0%         N/A       99%         1
 Magic Dart               Conj           0%         1d3       99%         1
 Searing Ray              Conj           0%         2d4       100%        2
 Wereblood                Tmut           0%         N/A       100%        2
 Spider Form              Tmut/Pois      0%         N/A       100%        3
 Fulminant Prism          Conj/Hex       0%         3d6       100%        4


Dungeon Overview and Level Annotations

Branches:
Dungeon (10/15)              Lair (0/6) D:10            Orc (0/2) D:9
 Temple: D:4-7

Altars:
Cheibriados
Gozag
Wu Jian


Innate Abilities, Weirdness & Mutations

You have large cloven feet.
You are mostly covered in molten scales. (AC +3)
You are partially covered in sharp spines.
A meltable shield of frost defends you. (SH +4)


Message History

The wolf is struck by your spines. The wolf closely misses you.
The wolf bites you.
* * * LOW HITPOINT WARNING * * *
You hit the wolf but do no damage. Your kick misses the wolf.
The wolf is severely wounded.
The wolf is struck by your spines. The wolf barely misses you.
The wolf splashes around in the water.
You slash the wolf!
You feel better.
You kill the wolf!
Lugonu accepts your kill.
You barely miss the troll. The troll is struck by your spines.
The troll closely misses you. The troll barely misses you. The troll claws you.
* * * LOW HITPOINT WARNING * * *
You hit the troll.
You feel better.
You kick the troll.
The troll is moderately wounded.
The troll is struck by your spines. The troll bites you.
* * * LOW HITPOINT WARNING * * *
The troll claws you.
* * * LOW HITPOINT WARNING * * *
The troll claws you but does no damage.
You closely miss the troll. You kick the troll, but do no damage.
The troll is heavily wounded.
The troll bites you.
* * * LOW HITPOINT WARNING * * *
The troll claws you but does no damage. The troll claws you.
* * * LOW HITPOINT WARNING * * *
You slash the troll! Your kick misses the troll.
The troll is severely wounded.
The troll bites you.
* * * LOW HITPOINT WARNING * * *
The troll claws you!
* * * LOW HITPOINT WARNING * * *
The troll claws you.
* * * LOW HITPOINT WARNING * * *
You hit the troll.
You feel better.
The troll is almost dead.
The troll bites you but does no damage. The troll claws you.
* * * LOW HITPOINT WARNING * * *
The troll claws you!
You die...

####....)........
#..##..........
###########.##..≈≈...≈..
.....)†..†........≈..≈≈≈
############.#....≈≈≈≈≈≈
....>..# #....≈≈≈≈≈≈≈.
######.# ##.....≈≈≈..≈
.....#.# #...≈T.≈≈≈..
.###.#.# ##..@≈≈≈≈..> .#
#.#.# #.≈≈≈≈≈≈≈..
.###.#.# #....≈≈≈≈.≈≈
...#.#.# .......≈≈≈≈≈≈
.#.#.#.# .......≈≈≈≈≈≈≈≈
.#.#.#.# .......)≈.≈≈≈≈≈
##.....# ......≈...$≈≈≈≈
#.....# ?.........≈≈≈≈≈
#.#.#.#


You could see a troll.

Vanquished Creatures
  A two-headed ogre (D:10)
  A cyclops (D:9)
  2 trolls
  Grinder (D:4)
  9 yaks
  A steam dragon (D:7)
  Menkaure (D:4)
  A water moccasin (D:5)
  Duvessa (D:4)
  A sky beast (D:6)
  3 orc warriors
  3 ice beasts (D:5)
  A black bear (D:5)
  2 ogres
  2 wolves (D:10)
  2 centaurs
  A phantom (D:5)
  A kobold brigand (D:6)
  3 bullfrogs
  A necrophage (D:6)
  2 scorpions
  4 wights (D:9)
  Dowan (D:4)
  5 killer bees (D:9)
  4 electric eels
  6 hounds
  2 jellies (D:5)
  2 orc priests
  4 orc wizards
  4 gnolls (D:5)
  12 adders
  3 white imps (D:5)
  4 dart slugs
  18 orcs
  13 ball pythons
  8 bats
  8 endoplasms
  6 giant cockroaches
  6 goblins
  13 hobgoblins
  3 jackals (D:4)
  4 quokkas
  5 frilled lizards
  8 kobolds
  3 rats
186 creatures vanquished.

Vanquished Creatures (others)
  A centaur (D:9)
1 creature vanquished.

Grand Total: 187 creatures vanquished

Notes
Turn   | Place    | Note
-------+----------+-------------------------------------------
     0 | Abyss:1  | polve the Demonspawn Abyssal Knight began the quest for the
                  | Orb.
     0 | Abyss:1  | Reached XP level 1. HP: 18/18 MP: 2/2
   202 | Abyss:1  | Noticed a small abomination
   203 | D:1      | Escaped the Abyss
   231 | D:1      | Reached skill level 2 in Axes
   506 | D:1      | Reached ** piety under Lugonu
   601 | D:1      | Found a faded altar of an unknown god.
   678 | D:1      | Gained mutation: A meltable shield of frost defends you.
                  | (SH +4) [demonic ancestry]
   678 | D:1      | Reached XP level 2. HP: 24/24 MP: 3/3
  1062 | D:1      | Reached skill level 3 in Axes
  1414 | D:1      | Gained mutation: You are partially covered in molten
                  | scales. (AC +2) [demonic ancestry]
  1414 | D:1      | Reached XP level 3. HP: 27/29 MP: 4/4
  2145 | D:2      | Found a snail-covered altar of Cheibriados.
  2274 | D:2      | Reached skill level 4 in Axes
  2274 | D:2      | Gained mutation: You are partially covered in sharp spines.
                  | [demonic ancestry]
  2274 | D:2      | Reached XP level 4. HP: 23/35 MP: 3/5
  2620 | D:2      | Reached *** piety under Lugonu
  3542 | D:3      | Found an ornate altar of the Wu Jian Council.
  4036 | D:3      | Found a large runed translucent door.
  4037 | D:3      | Found a large runed translucent door.
  5021 | D:3      | Found an opulent altar of Gozag.
  5027 | D:3      | Found a snail-covered altar of Cheibriados.
  5087 | D:4      | Reached XP level 5. HP: 34/41 MP: 6/8
  5142 | D:4      | Reached skill level 5 in Invocations
  5204 | D:4      | Noticed Duvessa
  5206 | D:4      | Noticed Dowan
  5215 | D:4      | Killed Dowan
  5225 | D:4      | Killed Duvessa
  5226 | D:4      | Reached XP level 6. HP: 13/47 MP: 3/11
  6255 | D:4      | Noticed Grinder
  6255 | D:4      | Reached **** piety under Lugonu
  6256 | D:4      | Noticed Menkaure
  6264 | D:4      | Killed Menkaure
  6265 | D:4      | Gained mutation: You have large cloven feet. [demonic
                  | ancestry]
  6265 | D:4      | Reached XP level 7. HP: 46/52 MP: 11/13
  6273 | D:4      | Killed Grinder
  6913 | D:5      | Entered Level 5 of the Dungeon
  7127 | D:5      | Reached skill level 5 in Axes
  7237 | D:5      | Reached XP level 8. HP: 61/61 MP: 14/14
  7498 | D:5      | Reached skill level 5 in Fighting
  8219 | D:5      | Reached skill level 6 in Axes
  8681 | D:6      | Reached skill level 7 in Axes
  8734 | D:6      | Reached XP level 9. HP: 66/72 MP: 15/15
  9265 | D:7      | You fall into a shaft and drop 2 floors!
  9892 | D:9      | Found a staircase to the Orcish Mines.
  9906 | D:9      | Reached skill level 8 in Axes
  9907 | D:9      | Reached skill level 1 in Dodging
  9914 | D:9      | HP: 3/71 [poisoned by an orc wizard]
  9917 | D:9      | HP: 1/71 [poisoned by an orc wizard]
 10267 | D:9      | Noticed a cyclops
 10288 | D:9      | Killed a cyclops
 10498 | D:9      | Noticed a troll
 10505 | D:9      | Killed a troll
 10631 | D:9      | Gained mutation: You are mostly covered in molten scales.
                  | (AC +3) [demonic ancestry]
 10631 | D:9      | Reached XP level 10. HP: 80/80 MP: 13/16
 11499 | D:10     | Entered Level 10 of the Dungeon
 11710 | D:10     | Noticed a two-headed ogre
 11714 | D:10     | Reached ***** piety under Lugonu
 11715 | D:10     | Reached skill level 9 in Axes
 11753 | D:10     | Killed a two-headed ogre
 11754 | D:10     | Reached skill level 10 in Axes
 11925 | D:10     | Found a staircase to the Lair.
 11946 | D:10     | Slain by a troll

Illustrated notes

Levels and vault maps discovered:
D:1:      roderic_octagonal_star, layout_basic,
          hellmonk_ecumenical_altar_pennies_from_heaven
D:2:      layout_basic, basic_altar, serial_corexii_hall,
          chequers_hall_statues_wall_a, chequers_hall_statues_corner_a,
          grunt_decor_mini_mirrors
D:3:      layout_loops_ring, jmf_multi_god_temple2, mainiacjoe_overflow_catwalk,
          serial_co_window_serial, co_window_corner_a, co_window_paths_b,
          co_window_corner_a, co_window_paths_a, co_window_corner_a,
          co_window_of_opportunity_c, co_window_unsneaky_path_a,
          co_window_broadway_c, co_window_paths_c, co_window_2corner,
          co_window_cross_2, co_window_4corner_a, co_window_4corner_b,
          glass_columns_a, glass_columns_a, glass_columns_b, glass_columns_a,
          minmay_between
D:4:      nicolae_cairo_tiling, layout_basic, serial_bayou_lagoon_a,
          kennysheep_path_1, uniq_duvessa, uniq_grinder, uniq_menkaure
D:5:      layout_basic, minmay_misc_feat_secret_circle
D:6:      layout_cave_pools, chequers_serial_rivers_small_3,
          chequers_serial_rivers_marsh
D:7:      layout_basic, minmay_temple_entry_ruins
D:9:      layout_long_grid, david_orc_3, lightli_minifort
D:10:     layout_basic, erik_lair_island

Skill      XL: |  1  2  3  4  5  6  7  8  9 10 |
---------------+-------------------------------+-----
Axes           | 2 3 4 5 7 8 10 | 10.7
Invocations    | 4 6 9 |  9.0
Fighting       | 4 7 8 |  8.0
Armour         | 4 |  4.0
Dodging        | 4 |  4.0

Action                   |  1- 3 |  4- 6 |  7- 9 | 10-12 || total
-------------------------+-------+-------+-------+-------++-------
Melee: Hand axe          |   109 |    53 |       |       ||   162
       Punch             |     2 |       |       |     3 ||     5
       War axe           |       |    63 |   201 |   104 ||   368
       Kick              |       |       |    76 |    43 ||   119
Invok: Depart the Abyss  |     1 |       |       |       ||     1
  Use: Potion            |       |     5 |       |     1 ||     6
 Stab: Sleeping          |       |     1 |       |       ||     1
Armor: Leather armour    |    47 |    13 |       |       ||    60
       Chain mail        |       |    36 |   130 |    42 ||   208
Dodge: Dodged            |    52 |    43 |    69 |    34 ||   198
Block: Other             |    22 |    19 |    38 |    20 ||    99

Table legend: (Time is in decaauts)
 A = Elapsed time spent in this place.
 B = Non-inter-level travel time spent in this place.
 C = Inter-level travel time spent in this place.
 D = Time resting spent in this place.
 E = Time spent auto-exploring this place.
 F = Levels seen in this place.
 G = Mean time per level.
                   A        B        C        D        E       F      G
               +--------+--------+--------+--------+--------+-----+--------+
         Total |  12027 |  11782 |    245 |    331 |  10244 |  10 | 1202.7 |
       Dungeon |  11824 |  11579 |    245 |    331 |  10042 |   9 | 1313.8 |
         Abyss |    203 |    203 |      0 |      0 |    202 |   1 |  203.0 |
               +--------+--------+--------+--------+--------+-----+--------+

Top non-repeatable levels by time:
     D:9: 2242 daAuts
     D:3: 1909 daAuts
     D:4: 1883 daAuts
     D:1: 1796 daAuts
     D:5: 1652 daAuts
     D:2: 1182 daAuts
     D:6: 639 daAuts
    D:10: 434 daAuts
 Abyss:1: 203 daAuts
     D:7: 84 daAuts
